Map: Dusty Gorge

Players

EIX

  • Race: Zerg Zerg
  • Spawn Location: 5:00

Marat

  • Race: Zerg Zerg
  • League: Platinum
  • Spawn Location: 3:00

seblinux

  • Race: Terran Terran
  • Spawn Location: 9:00

ILIEKEGGPIE

  • Race: Protoss Protoss
  • League: Platinum
  • Spawn Location: 11:00

VOD

Have the link to the VOD?

Description

Time

  • Played on: June 7, 2018, 2:34 p.m.
  • Length: 16:00
Show
View Real Time Build Order
Export as new Build Order

EIX Zerg 

Build Orders: Pool First 

Get SALT Encoding   

  12  0:01  Drone  
  13  0:13  Overlord  
  13  0:18  Drone  
  14  0:31  Drone  
  14  0:32  Drone  
  16  0:37  Drone  
  17  0:47  Spawning Pool  
  17  0:49  Drone  
  17  1:05  Drone  
  17  1:08  Extractor  
  17  1:09  Drone  
  18  1:18  Drone  
  19  1:29  Drone  
  20  1:34  Hatchery  
  20  1:37  Queen  
  21  1:44  Overlord  
  21  1:53  Drone  
  22  2:07  Drone, Extractor  
  21  2:24  Lair  
  21  2:27  Drone x2  
  23  2:33  Drone  
  25  2:44  Drone  
  25  2:47  Drone  
  25  2:48  Queen  
  25  2:49  Extractor  
  27  2:55  Drone  
  27  2:58  Drone x3  
  30  3:05  Drone  
  32  3:10  Drone x2  
  34  3:15  Extractor  
  33  3:23  Drone x2  
  35  3:33  Spire  
  34  3:37  Drone  
  35  3:58  Overlord x3  
  35  4:03  Spore Crawler  
  35  4:05  Spore Crawler  
  35  4:06  Drone x2  
  35  4:07  Drone  
  36  4:45  Mutalisk  
  36  4:46  Mutalisk x7  
  36  4:50  Mutalisk  
  54  4:56  Mutalisk  
  56  5:28  Mutalisk x2  
  60  5:55  Overlord x5  
  60  6:03  Zerg Flyer Weapons Level 1  
  60  6:26  Hatchery  
  55  6:38  Mutalisk x5  
  55  6:39  Mutalisk x3  
  63  7:07  Mutalisk x4  
  67  7:18  Queen  
  67  7:22  Drone x4  
  73  7:23  Drone  
  74  7:35  Infestation Pit  
  73  7:41  Drone x3  
  76  8:21  Drone x5  
  76  8:22  Drone x7  
  76  8:23  Drone x2  
  90  8:27  Pathogen Glands  
  90  8:36  Overlord  
  90  8:47  Infestor x5  
  100  8:54  Infestor  
  102  9:12  Drone x2  
  102  9:15  Extractor  
  102  9:16  Extractor  
  98  9:26  Hive  
  98  9:29  Metabolic Boost  
  98  9:38  Hatchery  
  96  10:07  Drone x3  
  96  10:09  Drone x7  
  96  10:10  Drone x8  
  113  10:20  Zerg Flyer Weapons Level 2  
  113  10:52  Burrow  
  113  10:56  Ultralisk Cavern  
  112  11:00  Evolution Chamber  
  112  11:01  Evolution Chamber  
  112  11:03  Spore Crawler  
  112  11:04  Spore Crawler  
  108  11:06  Spore Crawler  
  108  11:07  Queen  
  108  11:08  Spore Crawler  
  108  11:09  Spore Crawler  
  107  11:16  Overseer  
  107  11:21  Pneumatized Carapace  
  107  11:28  Zerg Ground Armor Level 1, Zerg Melee Weapons Level 1  
  107  11:33  Ultralisk Cavern, Adrenal Glands  
  106  11:43  Chitinous Plating  
  107  11:58  Nydus Network  
  106  12:07  Spine Crawler  
  105  12:09  Spine Crawler  
  105  12:10  Spine Crawler x2  
  105  12:12  Spine Crawler  
  105  12:15  Overlord x6  
  101  12:31  Spine Crawler  
  101  12:33  Spine Crawler  
  99  12:46  Ultralisk x3  
  99  12:47  Ultralisk x4  
  99  12:49  Overlord  
  99  12:50  Overlord x5  
  141  13:05  Spine Crawler  
  141  13:09  Spine Crawler  
  139  13:22  Infestor x6  
  127  14:17  Ultralisk x3  
  127  14:18  Ultralisk x3  
  127  14:19  Zergling x2  
  127  14:20  Zergling x16  
  127  14:21  Zergling x10  
  153  14:33  Nydus Canal  
  95  15:25  Nydus Canal  
Show
View Real Time Build Order
Export as new Build Order

Marat Zerg 

Build Orders: Hatch First 

Get SALT Encoding   

  12  0:02  Drone  
  13  0:13  Overlord  
  13  0:18  Drone  
  14  0:34  Drone  
  15  0:41  Drone x2  
  17  0:58  Hatchery  
  16  1:06  Drone  
  16  1:08  Drone  
  18  1:20  Spawning Pool  
  18  1:23  Drone  
  18  1:24  Drone  
  19  1:39  Extractor  
  18  1:42  Extractor  
  18  1:44  Drone x2  
  19  2:08  Drone x2  
  21  2:09  Queen  
  23  2:18  Drone  
  23  2:22  Drone x2  
  26  2:42  Hatchery  
  25  2:49  Lair  
  25  2:53  Drone x3  
  25  2:55  Overlord, Extractor  
  27  3:01  Overlord  
  27  3:17  Extractor  
  27  3:18  Drone x3  
  29  3:22  Extractor  
  29  3:24  Drone x2  
  30  3:35  Queen  
  32  3:43  Overlord  
  32  4:00  Spire  
  31  4:03  Drone x4  
  31  4:04  Drone  
  36  4:28  Zergling x8  
  36  4:29  Zergling x8  
  44  4:44  Drone x4  
  44  5:13  Mutalisk x5  
  44  5:14  Mutalisk x2  
  50  5:29  Extractor  
  47  5:55  Mutalisk x2  
  51  6:04  Zerg Flyer Armor Level 1  
  51  6:23  Hatchery, Mutalisk  
  52  6:29  Hatchery  
  41  7:09  Mutalisk x4  
  49  7:19  Queen  
  45  7:46  Infestation Pit  
  44  7:52  Drone  
  44  7:53  Drone x5  
  50  8:06  Drone x3  
  50  8:09  Queen  
  55  8:15  Mutalisk x4  
  60  8:42  Corruptor x2  
  60  8:44  Hatchery  
  60  8:46  Overlord x7  
  60  8:47  Overlord x2  
  63  8:53  Hive  
  63  8:54  Zerg Flyer Armor Level 2  
  63  9:22  Mutalisk x4  
  69  9:53  Mutalisk x5  
  69  9:56  Drone x2  
  69  9:57  Drone x5  
  86  10:11  Drone  
  86  10:12  Drone x4  
  86  10:13  Drone  
  92  10:19  Extractor  
  91  10:23  Extractor  
  88  10:48  Corruptor  
  88  10:49  Corruptor x4  
  96  10:53  Drone x2  
  96  10:54  Drone  
  101  11:05  Drone x7  
  108  11:14  Drone  
  108  11:15  Drone x4  
  113  11:27  Hatchery  
  113  11:29  Greater Spire  
  112  11:36  Drone x4  
  112  11:37  Drone x2  
  118  11:51  Drone x5  
  118  11:52  Drone x4  
  118  11:53  Drone x2  
  125  12:36  Corruptor x5  
  135  12:45  Overlord x3  
  135  12:46  Overlord x5  
  103  13:13  Corruptor  
  103  13:14  Corruptor x5  
  103  13:19  Brood Lord x5  
  128  13:20  Brood Lord x3  
  130  13:40  Zerg Flyer Weapons Level 1  
  130  13:47  Pneumatized Carapace  
  130  13:49  Corruptor  
  130  13:50  Corruptor x4  
  140  14:21  Corruptor  
  140  14:22  Corruptor x4  
  150  14:48  Hatchery  
  149  14:53  Drone x3  
  149  14:54  Drone x6  
  149  14:55  Drone x3  
  161  15:26  Mutalisk  
  161  15:27  Mutalisk x6  
  161  15:28  Mutalisk x4  
  181  15:38  Hatchery  
  181  15:39  Drone x4  
Show
View Real Time Build Order
Export as new Build Order

seblinux Terran 

Build Orders: MMM Bio 

Get SALT Encoding   

  12  0:01  SCV  
  13  0:13  SCV  
  14  0:18  Supply Depot  
  14  0:25  SCV  
  15  0:40  SCV  
  15  0:42  Barracks  
  16  0:52  SCV  
  17  1:04  SCV  
  18  1:14  Supply Depot  
  18  1:16  SCV  
  19  1:29  SCV  
  20  1:40  Refinery  
  20  1:41  Command Center  
  20  1:44  Refinery  
  20  1:46  Marine  
  21  1:58  SCV  
  22  2:13  Orbital Command  
  22  2:14  Marine  
  23  2:29  Supply Depot  
  23  2:33  Factory  
  23  2:44  Barracks Tech Lab  
  23  2:45  Supply Depot  
  23  2:51  SCV  
  24  3:01  Orbital Command  
  24  3:03  Refinery, SCV  
  25  3:16  Factory Reactor  
  25  3:20  SCV  
  26  3:30  SCV  
  26  3:32  SCV  
  28  3:35  Engineering Bay  
  28  3:42  SCV  
  28  3:43  Marine  
  28  3:45  Stimpack  
  30  3:51  Starport, SCV  
  30  3:54  Cyclone  
  34  3:57  Cyclone  
  37  4:03  SCV  
  37  4:04  SCV  
  37  4:09  Marine  
  40  4:15  SCV  
  41  4:17  Barracks  
  41  4:26  Cyclone  
  41  4:29  Cyclone  
  47  4:36  Supply Depot  
  47  4:37  SCV x2  
  49  4:40  Missile Turret  
  49  4:47  Missile Turret  
  49  4:52  Marine  
  49  4:54  SCV x2  
  49  4:57  Starport Reactor  
  52  5:06  Cyclone x2  
  52  5:10  Marine  
  53  5:21  Marine  
  54  5:28  Marine  
  54  5:30  SCV x2  
  54  5:35  Missile Turret x2  
  57  5:38  Missile Turret  
  57  5:41  Missile Turret  
  57  5:42  SCV x2  
  58  5:43  Missile Turret  
  52  5:52  Marine x2  
  52  5:54  Medivac x2  
  52  6:00  Missile Turret  
  52  6:04  Missile Turret  
  52  6:07  Hi-Sec Auto Tracking  
  52  6:10  Marine  
  53  6:11  Combat Shields  
  53  6:16  Marine  
  54  6:24  SCV  
  54  6:25  SCV  
  56  6:28  Marine, Missile Turret  
  56  6:29  Refinery, Missile Turret  
  57  6:37  Barracks  
  57  6:41  Missile Turret  
  57  6:50  Supply Depot  
  57  6:52  Supply Depot  
  57  6:53  Supply Depot  
  57  7:00  Marine x2  
  51  7:02  Missile Turret  
  42  7:15  Medivac  
  42  7:16  Medivac  
  42  7:17  Marine  
  42  7:18  Marine  
  48  7:26  Barracks Reactor  
  48  7:27  SCV x2  
  50  7:35  Marine  
  50  7:36  Marine  
  52  7:40  Factory  
  52  7:46  Terran Infantry Weapons Level 1  
  52  7:50  Engineering Bay, SCV x2  
  54  7:53  Marine  
  54  7:54  Marine  
  56  8:04  Marine x2  
  58  8:06  Liberator  
  58  8:10  SCV x2  
  58  8:11  Marine x2  
  62  8:20  Command Center  
  62  8:22  Marine x2  
  62  8:24  Medivac  
  69  8:29  Marine x2  
  69  8:32  Barracks  
  71  8:34  Factory Reactor  
  71  8:40  Marine x2  
  73  8:45  Armory  
  73  8:47  Marine  
  74  8:48  Barracks Reactor  
  74  8:52  Terran Infantry Armor Level 1  
  74  8:58  Marine x2  
  74  8:59  SCV x2  
  78  9:16  Supply Depot  
  78  9:17  Supply Depot  
  78  9:23  Supply Depot  
  78  9:31  Marine x3  
  78  9:32  SCV x2  
  78  9:34  Supply Depot  
  78  9:36  Supply Depot  
  78  9:38  Widow Mine x2  
  87  9:51  Marine x2  
  87  9:52  Missile Turret  
  89  9:53  Marine x3  
  92  10:01  Barracks  
  92  10:02  Widow Mine x2  
  96  10:09  Marine  
  96  10:12  Marine x4, Missile Turret  
  101  10:23  Widow Mine x2  
  101  10:27  Marine, SCV x2  
  108  10:29  Marine x2  
  108  10:33  Missile Turret  
  110  10:39  Orbital Command  
  110  10:40  SCV  
  110  10:41  SCV  
  112  10:49  Widow Mine  
  116  10:50  Widow Mine  
  116  10:54  Missile Turret  
  116  11:02  Marine x2  
  116  11:03  Marine  
  119  11:06  Marine x2  
  119  11:10  SCV x3  
  124  11:13  Missile Turret  
  124  11:15  Refinery x2  
  124  11:20  Marine, Missile Turret  
  124  11:21  Missile Turret  
  125  11:34  Missile Turret  
  125  11:41  Command Center  
  125  11:51  Barracks x2  
  125  11:53  Supply Depot, Missile Turret  
  125  11:54  Barracks  
  125  11:55  Barracks, Supply Depot  
  125  12:00  Supply Depot x2  
  125  12:03  Terran Infantry Weapons Level 2  
  125  12:06  Terran Infantry Armor Level 2  
  125  12:14  Marine x5  
  125  12:15  SCV x3  
  133  12:16  Missile Turret  
  133  12:32  Marine x5  
  133  12:35  Medivac x2  
  133  12:36  Missile Turret  
  142  12:44  Supply Depot  
  142  12:50  Barracks, Marine x5  
  147  12:53  Marine x6  
  147  12:56  Missile Turret  
  147  12:58  Supply Depot  
  153  12:59  Planetary Fortress  
  153  13:06  Supply Depot  
  153  13:07  Supply Depot x2  
  153  13:08  Marine x5  
  153  13:09  Supply Depot, Missile Turret  
  153  13:11  Marine x6  
  164  13:18  Missile Turret  
  164  13:25  Liberator x2  
  164  13:26  Marine x5  
  166  13:28  Marine x2  
  166  13:29  Marine  
  166  13:31  Missile Turret  
  165  13:34  Missile Turret  
  165  13:40  Marine  
  165  13:41  Marine x2  
  146  13:48  Starport  
  154  13:51  Starport  
  154  13:57  Barracks Tech Lab x4  
  154  14:08  Liberator x2  
  154  14:24  Liberator  
  154  14:25  Liberator  
  160  14:40  Barracks Tech Lab x3  
  166  14:51  Liberator x2  
  105  15:11  Marine x10  
  113  15:15  Marine x2  
  115  15:28  Marine  
  115  15:29  Marine x4  
Show
View Real Time Build Order
Export as new Build Order

ILIEKEGGPIE Protoss 

Build Orders:  

Get SALT Encoding   

  12  0:00  Probe  
  13  0:13  Probe  
  14  0:22  Pylon  
  14  0:25  Probe  
  15  0:36  Probe  
  15  0:42  Gateway  
  16  0:46  Probe  
  16  0:50  Assimilator  
  17  0:58  Probe  
  17  1:03  Assimilator  
  18  1:10  Probe  
  19  1:22  Probe  
  20  1:30  Cybernetics Core  
  20  1:34  Probe  
  21  1:46  Nexus  
  21  1:52  Probe  
  22  1:57  Pylon  
  22  2:04  Probe  
  23  2:11  Warp Gate  
  23  2:15  Adept  
  25  2:40  Pylon  
  25  2:50  Gateway  
  25  2:53  Gateway x2  
  25  2:56  Probe x2  
  25  3:04  Probe x2  
  29  3:14  Probe  
  30  3:22  Probe  
  30  3:25  Twilight Council  
  30  3:26  Probe  
  32  3:36  Pylon  
  32  3:39  Probe  
  32  3:40  Adept x2  
  37  3:42  Probe  
  38  3:51  Probe  
  38  3:54  Adept, Probe  
  42  4:04  Pylon  
  42  4:06  Probe x2  
  44  4:10  Adept  
  44  4:11  Adept  
  44  4:16  Resonating Glaives  
  48  4:18  Probe  
  48  4:20  Robotics Facility  
  48  4:21  Adept  
  51  4:30  Adept  
  53  4:31  Probe  
  53  4:33  Probe  
  55  4:38  Adept  
  57  4:52  Probe x2  
  59  4:55  Assimilator  
  59  4:59  Assimilator  
  59  5:00  Pylon  
  59  5:06  Forge  
  59  5:08  Forge  
  59  5:11  Pylon  
  59  5:15  Observer  
  60  5:30  Stalker x4  
  56  5:53  Photon Cannon  
  56  5:56  Photon Cannon  
  56  5:57  Photon Cannon  
  56  5:58  Photon Cannon  
  56  6:01  Observer, Photon Cannon  
  57  6:04  Photon Cannon  
  57  6:07  Photon Cannon  
  57  6:13  Shield Battery  
  57  6:19  Photon Cannon  
  57  6:21  Photon Cannon  
  57  6:27  Pylon  
  57  6:35  Pylon x2  
  57  6:43  Pylon  
  50  6:58  Pylon  
  50  6:59  Pylon  
  50  7:07  Stalker x2  
  54  7:15  Protoss Ground Armor Level 1, Protoss Ground Weapons Level 1  
  54  7:26  Probe x2  
  56  7:31  Stalker x4  
  64  7:38  Probe x2  
  66  7:50  Probe  
  67  7:52  Pylon  
  67  7:54  Pylon  
  67  7:56  Twilight Council  
  67  8:19  Stalker x4, Blink  
  69  8:46  Stalker x2  
  69  8:47  Stalker  
  69  8:48  Sentry  
  77  8:57  Protoss Ground Armor Level 2, Protoss Ground Weapons Level 2  
  77  9:16  Gateway  
  77  9:18  Gateway  
  75  9:26  Stalker x2  
  75  9:27  Stalker  
  81  9:42  Photon Cannon  
  81  9:46  Photon Cannon  
  81  9:51  Stalker x3  
  87  10:03  Nexus  
  87  10:06  Pylon  
  87  10:08  Pylon  
  79  10:43  Stalker x4  
  85  10:53  Templar Archives  
  85  11:09  Stalker  
  85  11:10  Stalker x4  
  95  11:13  Protoss Ground Weapons Level 3  
  95  11:14  Protoss Ground Armor Level 3  
  95  11:27  Photon Cannon  
  95  11:29  Probe  
  95  11:30  Probe, Photon Cannon  
  95  11:32  Photon Cannon  
  97  11:33  Photon Cannon  
  97  11:35  Photon Cannon  
  97  11:36  Photon Cannon  
  97  11:42  Psionic Storm  
  97  11:49  Stargate  
  97  11:59  Assimilator  
  97  12:01  Assimilator  
  97  12:04  Stargate  
  94  12:40  Probe x2  
  94  13:10  Phoenix  
  94  13:11  Phoenix  
  92  13:17  Probe x2  
  98  13:30  Stargate  
  98  13:32  Stargate  
  98  13:33  Phoenix x2  
  98  13:41  Pylon x2  
  102  14:05  Void Ray x2  
  84  14:23  Stalker x3  
  84  14:24  Phoenix x2  
  84  14:35  Void Ray  
  71  14:42  Phoenix  
  71  14:45  Pylon  
  68  14:46  Pylon  
  74  14:55  Void Ray  
  74  15:05  Void Ray  
  82  15:20  Nexus  
Tags
 
Add a new tag
Caveats
  • Supply blocks, unpowered buildings, or Contaminate may cause inaccurate times.
  • Supply counts are checked every 10 seconds.